Cogmind - Beta 16 @@@ ROGUE MODE // 2026.01.17 @ 00:11:08 Player: MrProgressor Result: Destroyed by P-70 Sage with High-powered Shock Rifle Performance ------------- Evolutions (5) 2500 Regions Visited (16) 3200 Robots Destroyed (249) 1245 Value Destroyed (10655) 10655 Prototype IDs (61) 1220 Alien Tech Used (0) 0 Bonus (6899) 6899 TOTAL SCORE: 25719 Bonus ------- High Alert Combat Kills 2409 Follower Combat Kills 1810 Entered Garrisons 600 Used RIF Installer 2000 Aligned with FarCom 300 Friendly Fire -220 Cogmind --------- Core Integrity 0/1000 Matter 283/300 Energy 415/415 System Corruption 19% Temperature Hot (221) Movement Treading (155) Location -5/Factory Parts ------- > --- POWER (2) -------- Antimatter Reactor Light Quantum Reactor > --- PROPULSION (6) --- Heavy Treads (fused) Heavy Treads Biometal Heavy Treads > --- UTILITY (6) ------ Advanced Heat Sink Improved Cooling System High-capacity Storage Unit Improved Target Analyzer Relay Coupler [NC] (33) Relay Coupler [Grunt] (3) > --- WEAPON (3) ------- Enhanced Force Rifle Enhanced Force Rifle Enhanced Force Rifle > --- INVENTORY (20) --- Antimatter Reactor Heavy Treads Improved Cooling System High-capacity Storage Unit Advanced Energy Well (500) Advanced Melee Analysis Suite Experimental Melee Analysis Suite Precision Energy Filter Advanced Phase Shifter Hardened Light Armor Plating Hardened Light Armor Plating Advanced Shield Generator Improved Corruption Screen Enhanced Force Rifle Enhanced Force Rifle Enhanced Force Rifle Nova Cannon Heavy Missile Launcher Improved Remote Datajack Peak State ------------ > --- POWER ------------ Improved Deuterium Engine Neutrino Core > --- PROPULSION ------- Heavy Treads Improved Heavy Treads Improved Heavy Treads > --- UTILITY ---------- Improved Cooling System High-capacity Storage Unit Advanced Targeting Computer Improved Weapon Cycler Advanced Remote Shield Relay Coupler [Grunt] > --- WEAPON ----------- Heavy Phase Cannon YOLO Cannon > --- INVENTORY -------- Neutrino Core Improved Heavy Treads Coolant Injector High-capacity Storage Unit Advanced Energy Well Experimental Melee Analysis Suite Precision Energy Filter Improved Particle Charger Active Cooling Armor Improved Hardlight Generator Advanced Remote Shield Relay Coupler [NC] KE Penetrator Heavy Missile Launcher Remote Datajack [Rating: 112] Favorites ----------- Power Heavy Deuterium Engine Engine Heavy Deuterium Engine Power Core Neutrino Core Reactor Antimatter Reactor Propulsion Heavy Treads Treads Heavy Treads Leg Titanium Leg Wheel Wheel Utility High-capacity Storage Unit Device Improved Cooling System Storage High-capacity Storage Unit Processor Advanced Targeting Computer Hackware Relay Coupler [Grunt] Protection Core Shielding Weapon Cooled Pulse Rifle Energy Gun Cooled Pulse Rifle Energy Cannon Heavy Phase Cannon Ballistic Gun Light Assault Rifle Ballistic Cannon Light Antimatter Cannon Launcher Precision Rocket Launcher Special Weapon Remote Datajack Slashing Weapon Great Axe Special Melee Weapon Improved Datajack Build | -11 -10 -10 -10 -9 -8 -8 -8 -7 -7 -7 -7 -6 -6 -5 -5 -5 ------- Run | Yrd Mat Min Exi Min Mat Gar Mat Fac Was Fac Gar Fac Gar Fac Was Fac Slots Evolved 10 | . . . . . 4 . . 2 . . . 2 . 2 . . Power 1 | . . . . . . . . . . . . . . 1 . . Propulsion 4 | . . . . . 2 . . 1 . . . 1 . . . . Utility 4 | . . . . . 2 . . 1 . . . . . 1 . . Weapon 1 | . . . . . . . . . . . . 1 . . . . Parts Attached 220 | 4 13 1 4 1 25 12 10 3 4 11 7 50 10 35 16 14 Power 20 | . 1 . . . 2 1 1 . . 1 . 3 1 6 4 . Engine 10 | . 1 . . . 2 1 1 . . 1 . 2 1 1 . . Core 5 | . . . . . . . . . . . . 1 . 4 . . Reactor 5 | . . . . . . . . . . . . . . 1 4 . Propulsion 64 | 2 4 . 2 . 7 4 1 2 2 1 1 19 4 9 6 . Treads 20 | 2 . . . . . . . . 2 . 1 5 4 1 5 . Leg 31 | . . . . . 7 4 1 2 . 1 . 7 . 8 1 . Wheel 13 | . 4 . 2 . . . . . . . . 7 . . . . Hover . | . . . . . . . . . . . . . . . . . Flight . | . . . . . . . . . . . . . . . . . Utility 69 | 1 4 . 1 1 6 4 5 1 1 5 4 16 3 8 2 7 Device 28 | 1 1 . . . 1 . 1 . . 3 2 9 2 3 2 3 Storage 5 | . 1 . 1 . . . . . . . . 2 . 1 . . Processor 9 | . . . . . 2 1 1 . . 2 . . . 2 . 1 Hackware 13 | . . . . . . 2 3 1 . . 1 4 1 . . 1 Protection 14 | . 2 . . 1 3 1 . . 1 . 1 1 . 2 . 2 Artifact . | . . . . . . . . . . . . . . . . . Weapon 67 | 1 4 1 1 . 10 3 3 . 1 4 2 12 2 12 4 7 Energy Gun 29 | 1 . . . . 5 2 . . . 3 1 5 1 3 2 6 Energy Cannon 6 | . . . . . . . . . 1 1 . 2 . 1 1 . Ballistic Gun 13 | . 2 1 . . 1 . 1 . . . 1 . . 6 1 . Ballistic Cannon 7 | . 1 . . . 2 . . . . . . 3 . 1 . . Launcher 4 | . . . . . 1 . 1 . . . . 1 . 1 . . Special Weapon 4 | . 1 . . . . . . . . . . 1 1 . . 1 Impact Weapon . | . . . . . . . . . . . . . . . . . Slashing Weapon 2 | . . . . . 1 . 1 . . . . . . . . . Piercing Weapon . | . . . . . . . . . . . . . . . . . Special Melee Weapon 2 | . . . 1 . . 1 . . . . . . . . . . Unidentified Prototypes 17 | . . . . . 2 . . . . 2 1 8 . 3 . 1 Parts Lost 62 | . 3 1 . . 10 1 5 1 . . 1 14 3 22 . 1 Power 4 | . . . . . . . . . . . . 1 . 3 . . Propulsion 24 | . 2 . . . 6 . 3 . . . . 6 . 7 . . Utility 15 | . . . . . 3 . 1 . . . 1 2 1 6 . 1 Weapon 19 | . 1 1 . . 1 1 1 1 . . . 5 2 6 . . Highest Loss Streak 12 | . 2 1 . . 4 1 2 1 . . 1 6 2 12 . 1 To Critical Strikes 1 | . . . . . . . . . . . . . . 1 . . Average Backups 17 | 5 15 19 19 19 18 18 18 18 17 15 18 17 15 14 18 18 Power 1 | 1 1 2 2 2 2 2 1 1 1 1 1 . 1 1 1 1 Propulsion . | 3 3 2 1 2 . 1 . . . . . . . . 1 1 Utility 9 | . 7 12 11 10 7 8 8 9 10 8 10 11 9 9 10 10 Weapon 4 | . 2 2 2 3 6 6 7 6 5 5 6 3 2 2 5 5 Tool/Special . | . . . . . . . . . . . . . . . . . Unused Backups 71 | 3 10 1 1 1 10 4 . 1 1 3 3 13 . . 5 15 Power 8 | . 3 . . . 2 1 . . . . . . . . 1 1 Propulsion 5 | 1 1 . . . 1 . . . . . . 1 . . 1 . Utility 40 | . 3 1 1 1 4 3 . . 1 3 3 11 . . 2 7 Weapon 18 | 2 3 . . . 3 . . 1 . . . 1 . . 1 7 Tool/Special . | . . . . . . . . . . . . . . . . . Average Slot Usage (%) 87 | . 96 100 100 100 90 99 99 80 64 81 83 88 81 75 84 81 Engine 6 | . 14 14 14 14 9 9 9 7 7 7 7 5 6 5 . . Reactor 1 | . . . . . . . . . . . . . . 1 7 11 Treads 9 | . 6 . . . . . . . 9 14 22 11 21 11 13 17 Leg 12 | . . . . . 18 36 35 26 17 7 . 14 1 7 6 . Wheel 4 | . 19 28 28 28 9 . . . . . . 2 . . . . Device 7 | . 4 6 14 1 3 . 1 . 1 13 10 9 17 9 10 7 Storage 7 | . 14 14 14 14 9 9 9 7 7 7 7 6 6 5 5 5 Processor 9 | . . . . . 8 13 13 15 3 13 15 12 6 4 11 9 Hackware 2 | . . . . . . 3 4 . 1 . . 3 1 5 5 8 Protection 4 | . 8 7 . 12 14 10 7 7 5 . 3 . . 2 . 1 Energy Gun 10 | . 3 . . . 7 14 10 7 . 13 14 13 5 5 13 13 Ballistic Gun 2 | . 13 12 14 14 1 2 3 5 . . . . . 2 . . Ballistic Cannon 2 | . 7 14 3 14 8 . . 1 . . . 2 5 1 . . Special Melee Weapon 1 | . . . 10 . . . 2 . . . . 1 2 . . . Peak Build Rating 112 | 7 9 9 11 11 31 40 40 40 80 69 66 94 98 112 104 109 Average Rating 60 | 6 7 8 9 10 22 34 35 35 70 62 62 74 89 94 92 103 On Entrance 44 | 6 7 9 9 11 11 30 39 35 40 80 66 66 90 87 68 104 Avg Prop Armor Cover (%) 4 | . 4 . . . 9 . . . 1 3 4 4 3 6 6 . Naked Turns . | . . . . . . . . . . . . . . . . . Heaviest Build 129 | 13 50 50 50 50 59 57 61 58 112 105 65 76 80 129 97 99 Greatest Support 220 | 40 40 20 26 26 62 59 59 64 140 140 160 190 220 220 215 215 Greatest Overweight (x) 5 | . 4 2 2 1 5 . 1 1 1 . . 4 . 2 . . Average Overweight (x) . | . 1 2 1 1 1 . . . . . . . . . . . Largest Inventory Capacity 20 | 8 20 20 20 20 20 20 20 20 20 20 20 20 20 20 20 20 Average Capacity 19 | 8 15 20 20 20 20 20 20 20 20 20 20 20 20 20 20 20 Most Carried 20 | 8 20 20 20 20 20 20 20 20 20 20 20 20 20 20 20 20 Average Carried 19 | 5 15 19 19 19 19 19 19 19 19 19 19 19 19 17 19 19 Final Capacity 20 | 8 20 20 20 20 20 20 20 20 20 20 20 20 20 20 20 20 Final Carried 20 | 8 20 20 20 20 20 20 18 20 20 20 20 19 20 18 20 20 Class Distribution -------------------- 40% | Scavenger-Mutant 21% | Mutant 11% | Scavenger-Gunner 8% | Scavenger-Tank 6% | Bothacker-Gunner 4% | Bothacker-Mutant 3% | Tank Dominant Class ---------------- Mutant | -10/Materials Mutant | -10/Mines Scavenger-Mutant | -10/Exiles Mutant | -9/Mines Mutant | -8/Materials Scavenger-Mutant | -8/Garrison Scavenger-Mutant | -8/Materials Mutant | -7/Factory Scavenger-Mutant | -7/Waste Scavenger-Mutant | -7/Factory Scavenger-Mutant | -7/Garrison Bothacker-Gunner | -6/Factory Mutant | -6/Garrison Scavenger-Tank | -5/Factory Scavenger-Gunner | -5/Waste Scavenger-Gunner | -5/Factory Resources | -11 -10 -10 -10 -9 -8 -8 -8 -7 -7 -7 -7 -6 -6 -5 -5 -5 ----------- Run | Yrd Mat Min Exi Min Mat Gar Mat Fac Was Fac Gar Fac Gar Fac Was Fac Matter Collected 6306 | 238 376 93 132 70 511 508 209 5 256 202 208 1463 519 699 519 298 Remotely . | . . . . . . . . . . . . . . . . . Salvage Created 14016 | 114 561 80 . . 630 452 334 77 1575 662 196 4515 914 2004 1165 737 Parts 481 | 13 38 8 . . 41 13 12 5 21 27 9 155 28 73 11 27 Haulers Intercepted 16 | . 2 . . . 1 . . . . 1 . 7 . 2 . 3 Recyclers Shooed 16 | . 1 1 . . . . . . . 2 . 9 . 3 . . Parts Field Recycled . | . . . . . . . . . . . . . . . . . Retrieved Matter . | . . . . . . . . . . . . . . . . . Parts Self-Destructed . | . . . . . . . . . . . . . . . . . Prevented . | . . . . . . . . . . . . . . . . . Parts Restored . | . . . . . . . . . . . . . . . . . Kills | -11 -10 -10 -10 -9 -8 -8 -8 -7 -7 -7 -7 -6 -6 -5 -5 -5 ------- Run | Yrd Mat Min Exi Min Mat Gar Mat Fac Was Fac Gar Fac Gar Fac Was Fac Combat Hostiles Destroyed 168 | . 13 4 . . 18 8 8 3 6 5 5 49 12 31 . 6 Melee 1 | . . . . . . . . . . . . 1 . . . . Guns 80 | . 9 2 . . 2 5 6 1 . 4 5 28 2 10 . 6 Cannons 41 | . 4 2 . . 12 . 1 . 2 . . 9 3 8 . . AOE 34 | . . . . . 4 3 1 2 . . . 8 7 9 . . Classes Destroyed 19 | 2 4 . . . 3 1 . . 1 1 . 7 . . . . Worker 19 | . . . . . . . . . . . . 13 . 6 . . Builder 9 | . . . . . . . . . . . . 4 . 5 . . Tunneler 5 | 3 1 . . . . . . . . . . 1 . . . . Hauler 16 | . 2 . . . 1 . . . . 1 . 7 . 2 . 3 Recycler 17 | 1 1 . . . . . . . . 4 . 10 . 1 . . Mechanic 2 | . . . . . . . . . . . . 1 . 1 . . Watcher 12 | . 2 . . . 3 . . . . 2 1 2 . 1 . 1 Swarmer 35 | . 9 2 . . 4 1 1 . . . 4 3 11 . . . Saboteur 1 | . . . . . . . . . . . . 1 . . . . Grunt 58 | . 4 2 . . 8 6 5 3 . 2 . 20 . 6 . 2 Brawler 4 | . . . . . 1 . . . . . . 1 . 2 . . Duelist 4 | . . . . . 1 . . . . . . 2 . 1 . . Protector 2 | . . . . . . . . . . . . 1 . 1 . . Sentry 9 | . . . . . 4 . . . . 1 1 1 1 1 . . Specialist 4 | . . . . . . . . . . . . 2 . 2 . . Hunter 21 | . . . . . . 1 2 . . . . 7 . 10 . 1 Programmer 20 | . . . . . . . . . . 2 . 9 . 7 . 2 Heavy 3 | . . . . . . . . . . . . 2 . 1 . . Compactor 6 | . . . . . . . . . 6 . . . . . . . Surgeon 1 | . . . . . . . . . . . . . . . . 1 Thug 1 | . . . . . . . . . . . . . . . . 1 Best Kill Streak 19 | 3 4 2 . . 5 3 4 3 5 5 3 14 7 19 . 3 Combat Bots Only 16 | . 3 2 . . 4 3 4 3 5 2 3 9 7 16 . 3 Max Kills in Single Turn 6 | 1 2 1 . . 3 3 1 2 1 2 2 3 4 6 . 1 Gunslinging 1 | . 1 . . . . . . . . 1 1 . . . . . Exploded 4 | . . . . . 2 3 1 2 . . . 2 4 3 . . Melee 1 | . . . . . . . . . . . . 1 . . . . Uniques/NPCs Destroyed . | . . . . . . . . . . . . . . . . . Combat | -11 -10 -10 -10 -9 -8 -8 -8 -7 -7 -7 -7 -6 -6 -5 -5 -5 -------- Run | Yrd Mat Min Exi Min Mat Gar Mat Fac Was Fac Gar Fac Gar Fac Was Fac Hostile Shots Fired 1336 | . 85 23 . 4 77 44 100 9 . 41 30 314 39 543 . 27 Missed 337 | . 17 5 . 3 17 16 30 1 . 12 9 79 8 133 . 7 Hits 999 | . 68 18 . 1 60 28 70 8 . 29 21 235 31 410 . 20 Melee 9 | . . . . . . . . . . . . 4 . 5 . . Projectile 990 | . 68 18 . 1 60 28 70 8 . 29 21 231 31 405 . 20 Critical Strikes 48 | . . . . . 5 1 3 1 . . . 10 2 26 . . Actively Blocked 2 | . . . . . 1 1 . . . . . . . . . . Part Disruptions 5 | . . . . . . . . . . . . 2 1 2 . . Damage Taken 17373 | . 575 205 . 14 1159 413 1017 124 48 307 249 4730 560 7483 . 489 Core 1894 | . 136 33 . . 192 44 90 . . 26 25 474 63 761 . 50 Absorbed by Shields 503 | . . . . . . . . . . . . 22 46 435 . . Reduced by Siege Mode 604 | . . . . . . . . . . 42 . 217 . 345 . . Redirected to Shielding 101 | . 12 6 . . 40 11 32 . . . . . . . . . Regen/Repaired (Parts) 1082 | . 86 . . . 56 . 87 . . 97 . 164 . . 523 69 Core Remaining (%) 60 | 100 . . . 32 . . 40 . . . 92 . 36 . . . Volleys Fired 812 | 8 69 14 . 2 69 86 31 8 8 38 15 185 110 121 17 31 Largest 3 | 2 2 2 . 2 2 2 2 2 1 2 2 3 3 3 3 3 Hottest 275 | 60 100 130 . 50 102 120 110 88 100 129 129 261 177 190 231 275 Shots Fired 1454 | 16 126 28 . 4 126 121 60 11 9 68 29 416 128 206 31 75 Gun 1116 | 16 101 13 . 2 56 119 57 8 . 55 29 328 101 137 31 63 Cannon 295 | . 13 14 . 2 68 . 1 2 9 13 . 78 24 64 . 7 Launcher 20 | . . . . . 2 2 2 1 . . . 8 3 2 . . Special 23 | . 12 1 . . . . . . . . . 2 . 3 . 5 Kinetic 429 | 8 93 27 . 4 70 13 12 3 . . . 59 24 113 3 . Thermal 983 | 7 33 1 . . 54 106 46 7 9 68 29 336 101 88 28 70 Explosive 20 | . . . . . 2 2 2 1 . . . 8 3 2 . . Electromagnetic 12 | 1 . . . . . . . . . . . 11 . . . . Robot Hit Streak 29 | 6 5 8 . 8 20 19 15 4 8 11 8 29 24 20 21 11 Robot Miss Streak 5 | 2 5 2 . 1 4 2 3 1 . 3 1 4 4 4 2 3 Penetration Max 1 | . . . . . . . . . . . . . . 1 . . Secondary Targets 13 | . 3 . . . . 2 1 . . 1 2 1 . 2 . 1 Max Gunslinging Chain 1 | . 1 . . . . 1 1 . . 1 1 1 . 1 . 1 Shots Hit Robots 923 | 10 64 17 4 3 82 39 53 5 7 39 14 285 90 143 26 42 Core Hits 466 | 5 28 8 . . 41 18 18 6 2 19 8 149 41 92 11 20 Critical Kills 8 | . . . . . . . . . 4 . . . . 2 . 2 Critical Parts Destroyed 2 | . . . . . . . . . . . . . . . . 2 Critical Strikes 66 | . 1 . . . 6 . 1 . 4 1 . 21 13 6 7 6 Burn 48 | . . . . . 5 . 1 . . 1 . 19 11 3 6 2 Meltdown 6 | . . . . . . . . . 4 . . . . 2 . . Destroy 5 | . . . . . . . . . . . . . . . 1 4 Blast 7 | . 1 . . . 1 . . . . . . 2 2 1 . . Melee Attacks 59 | . . . 4 . 7 1 10 . . . 6 23 8 . . . Impact . | . . . . . . . . . . . . . . . . . Slashing 12 | . . . . . 7 . 3 . . . . 2 . . . . Piercing . | . . . . . . . . . . . . . . . . . Sneak Attacks 32 | . . . 4 . 1 . 5 . . . . 16 6 . . . Combat Hostiles . | . . . . . . . . . . . . . . . . . Follow-up Attacks . | . . . . . . . . . . . . . . . . . Damage Inflicted 30705 | 105 649 221 . 35 1992 901 1070 306 902 959 293 10836 2550 7956 696 1234 Guns 15464 | 105 478 72 . 19 509 642 858 95 . 779 293 6000 1573 2312 696 1033 Cannons 7545 | . 171 123 . 16 1100 . 16 . 775 166 . 2320 397 2260 . 201 Explosions 7418 | . . . . . 248 259 196 211 127 . . 2413 580 3384 . . Melee 234 | . . . . . 135 . . . . . . 99 . . . . Ramming 18 | . . . . . . . . . . 14 . 4 . . . . Kinetic 5627 | 24 518 195 . 35 1100 155 168 . . . . 1153 397 1824 58 . Thermal 20778 | 66 131 26 . . 509 487 706 95 902 945 293 7398 1573 5775 638 1234 Explosive 3689 | . . . . . 248 259 196 211 . . . 1838 580 357 . . Electromagnetic 359 | 15 . . . . . . . . . . . 344 . . . . Impact . | . . . . . . . . . . . . . . . . . Slashing 234 | . . . . . 135 . . . . . . 99 . . . . Piercing . | . . . . . . . . . . . . . . . . . Highest Corruption 19 | . . . . . 8 8 8 2 12 14 14 5 6 18 18 19 Average Corruption 9 | . . . . . 8 8 8 2 11 13 13 2 5 15 18 18 Corruption Purged 4 | . . . . . . . . . . . 4 . . . . . Corruption Blocked . | . . . . . . . . . . . . . . . . . Effects 410 | . . . . . 16 59 20 3 10 49 43 40 45 28 44 53 Message Errors 99 | . . . . . 4 10 6 1 3 8 15 8 12 10 11 11 Matter Fused 109 | . . . . . 3 24 6 1 2 12 10 11 11 6 10 13 Heat Flow Errors 44 | . . . . . 1 3 5 1 2 5 6 5 4 . 5 7 Energy Discharges 42 | . . . . . 3 9 1 . . 5 5 6 4 2 3 4 Parts Rejected 3 | . . . . . . . . . . . . 1 1 1 . . Parts Fused 7 | . . . . . 1 1 . . . 2 1 . . . 1 1 Data Loss (minor) 41 | . . . . . 3 5 1 . 1 5 3 2 7 1 5 8 Data Loss (major) 17 | . . . . . . . . . 1 3 . 3 2 3 3 2 Misfires 19 | . . . . . 1 4 . . 1 2 2 2 2 2 2 1 Alerts 8 | . . . . . . . 1 . . 4 1 . . . 1 1 Misdirections 2 | . . . . . . . . . . 2 . . . . . . Weapon Failures 19 | . . . . . . 3 . . . 1 . 2 2 3 3 5 Overload Shots 39 | . . . . . . . . . . 12 3 21 . 3 . . Effects 3 | . . . . . . . . . . 3 . . . . . . Energy Bleed 2 | . . . . . . . . . . 2 . . . . . . Short Circuit 1 | . . . . . . . . . . 1 . . . . . . Overflow Damage 624 | . 6 . . . 49 . . . . . . 104 72 350 . 43 Projectiles 321 | . 6 . . . 24 . . . . . . 35 16 197 . 43 Explosions 297 | . . . . . 25 . . . . . . 63 56 153 . . Melee 6 | . . . . . . . . . . . . 6 . . . . Knockbacks 26 | . 4 2 . . 11 . . . . . . 8 . 1 . . Impact . | . . . . . . . . . . . . . . . . . Kinetic 24 | . 3 2 . . 10 . . . . . . 8 . 1 . . Secondary 2 | . 1 . . . 1 . . . . . . . . . . . Self-Inflicted Damage 366 | . . . . . . . . . 49 . . 100 36 181 . . Shots 7 | . . . . . . . . . 1 . . 2 1 3 . . Rammed 2 | . . . . . . . . . . 2 . . . . . . Targets Rammed 3 | . . . . . . . . . . 2 . 1 . . . . Kicked 1 | . . . . . . . . . . . . 1 . . . . Crushed . | . . . . . . . . . . . . . . . . . Highest Temperature 573 | 40 70 71 . 10 396 279 269 232 340 486 236 377 330 252 205 573 Average Temperature 102 | 18 21 35 . 7 139 60 100 57 138 186 101 116 100 55 48 154 Received Heat Transfer 3177 | . 72 81 . 9 495 198 468 90 . 102 60 948 60 567 . 27 Effects 30 | . . . . . 1 2 2 . . 3 . 15 . . . 7 Shutdowns 4 | . . . . . 1 . . . . . . . . . . 3 Energy Bleed 8 | . . . . . . 2 2 . . 1 . 1 . . . 2 Interference 15 | . . . . . . . . . . 2 . 12 . . . 1 Matter Decay 1 | . . . . . . . . . . . . 1 . . . . Short Circuit 2 | . . . . . . . . . . . . 1 . . . 1 Siege Activations 6 | . . . . . . . . . . 2 . 3 . 1 . . Total Turns 140 | . . . . . . . . . . 19 . 54 . 67 . . Longest Duration 67 | . . . . . . . . . . 10 . 27 . 67 . . Martial Activations . | . . . . . . . . . . . . . . . . . Shielding Activations . | . . . . . . . . . . . . . . . . . Robots Disrupted . | . . . . . . . . . . . . . . . . . Combat Hostiles . | . . . . . . . . . . . . . . . . . Robots Corrupted . | . . . . . . . . . . . . . . . . . Combat Hostiles . | . . . . . . . . . . . . . . . . . Parts Fried 4 | . . . . . . . . . . . . 1 1 . . 2 Impact Corruptions . | . . . . . . . . . . . . . . . . . Robots Melted 14 | . . . . . . . . . 4 1 . 3 2 4 . . Combat Hostiles 12 | . . . . . . . . . 4 1 . 3 . 4 . . Parts Melted 85 | . . . . . . 1 7 . 5 4 1 33 14 12 2 6 Heat Transferred 35599 | 150 300 50 . . 1665 962 1443 185 720 1595 470 13368 4650 6674 1480 1887 Parts Sabotaged 5 | . . . . . . . . . . . . 3 . 2 . . Parts Stolen . | . . . . . . . . . . . . . . . . . Parts Stripped . | . . . . . . . . . . . . . . . . . Power Chain Reactions . | . . . . . . . . . . . . . . . . . Alert | -11 -10 -10 -10 -9 -8 -8 -8 -7 -7 -7 -7 -6 -6 -5 -5 -5 ------- Run | Yrd Mat Min Exi Min Mat Gar Mat Fac Was Fac Gar Fac Gar Fac Was Fac Maximum Alert Level 5 | . . . . . . 3 2 . . . 2 4 5 5 2 3 Low Security (%) 42 | 100 100 100 . 100 100 15 19 100 100 100 26 36 . . 16 19 Level 1 13 | . . . . . . 30 38 . . . 49 10 . . 49 2 Level 2 17 | . . . . . . 41 42 . . . 23 34 . . 33 21 Level 3 15 | . . . . . . 12 . . . . . 9 28 66 . 56 Level 4 7 | . . . . . . . . . . . . 8 49 18 . . Level 5 3 | . . . . . . . . . . . . . 21 15 . . High Security . | . . . . . . . . . . . . . . . . . Max Security . | . . . . . . . . . . . . . . . . . Peak Influence 1726 | 10 118 92 . 46 122 887 463 95 18 60 443 1173 1726 1648 565 846 Initial 905 | . . 17 . . . 74 432 93 14 . 6 232 819 905 565 104 Average 446 | 2 57 44 . 9 22 433 303 45 3 13 300 440 1272 1127 339 613 Influence Increases 9126 | 20 434 115 . 46 545 823 271 118 43 280 447 1882 997 1577 . 1528 Destroy 0b10 Robot/C 4260 | . 260 80 . 40 360 200 180 60 . 100 120 1020 420 800 . 620 Destroy 0b10 Robot/NC 480 | 20 30 . . . 20 5 . . . 35 5 210 30 85 . 40 Destroy Leader 858 | . 48 20 . . 98 10 40 . . 46 . 250 40 176 . 130 Allied During Kill 755 | . . . . 6 . 2 1 . . . 5 9 52 74 . 606 Successful Hack 260 | . 25 . . . 30 14 . 12 . 91 28 27 . 28 . 5 Disable Machine 330 | . 15 . . . 15 . . 30 . . . 135 . 135 . . Anti-Garrison Action 900 | . . . . . . 400 . . . . 200 . 300 . . . Destroy Structure 908 | . 11 . . . 22 147 20 16 43 8 59 141 95 234 . 112 Partial Spotted 15 | . 15 . . . . . . . . . . . . . . . Lose Combat Pursuer 360 | . 30 15 . . . 45 30 . . . 30 90 60 45 . 15 Influence Decreases 8314 | 20 388 159 2 46 430 51 953 283 83 271 13 1154 442 1687 1467 865 Entered New Map 3148 | . . 29 2 . . 41 455 112 26 . 3 211 352 821 1051 45 Time Decay 3668 | 20 358 120 . 46 312 . 278 161 57 271 . 663 . 526 416 440 Lost Part 591 | . 30 10 . . 71 10 50 10 . . 10 140 30 220 . 10 Lost Ally 561 | . . . . . 1 . 20 . . . . 140 60 120 . 220 Purge Threat 346 | . . . . . 46 . 150 . . . . . . . . 150 Squads Dispatched 68 | . 3 . . . 3 . 10 1 . 7 . 20 . 13 . 11 Investigation 17 | . 2 . . . 2 . 1 1 . 2 . 6 . . . 3 Extermination 13 | . . . . . . . . . . 2 . 7 . 2 . 2 Reinforcement 27 | . 1 . . . 1 . 6 . . 3 . 5 . 7 . 4 Assault 9 | . . . . . . . 2 . . . . 2 . 4 . 1 Garrison 2 | . . . . . . . 1 . . . . . . . . 1 Intercept . | . . . . . . . . . . . . . . . . . Searches Triggered . | . . . . . . . . . . . . . . . . . Construction Impeded 4 | . . . . . . . . . . . . . . 3 . 1 Haulers Reinforced 8 | . . . . . . . . . . 1 . 3 . 2 . 2 Active Scanning Responses . | . . . . . . . . . . . . . . . . . Cargo Convoy Interrupts 2 | . . . . . . . . . . . . 1 . 1 . . Stealth | -11 -10 -10 -10 -9 -8 -8 -8 -7 -7 -7 -7 -6 -6 -5 -5 -5 --------- Run | Yrd Mat Min Exi Min Mat Gar Mat Fac Was Fac Gar Fac Gar Fac Was Fac Distress Signals 18 | . 1 . . . 2 . 5 . . 1 1 3 . 3 . 2 Communications Jammed . | . . . . . . . . . . . . . . . . . Distress Signals . | . . . . . . . . . . . . . . . . . Times Spotted 302 | . 20 5 . 1 26 14 20 3 6 13 11 84 25 53 . 21 Peak Tracking Total 12 | . 4 3 . 2 5 3 5 3 4 3 3 12 7 11 . 3 Tactical Retreats 19 | . 2 1 . . . 1 1 . . . 1 5 4 3 . 1 Traps | -11 -10 -10 -10 -9 -8 -8 -8 -7 -7 -7 -7 -6 -6 -5 -5 -5 ------- Run | Yrd Mat Min Exi Min Mat Gar Mat Fac Was Fac Gar Fac Gar Fac Was Fac Traps Triggered 16 | . 2 . . . 1 1 1 2 . 1 1 4 1 1 . 1 Indirectly . | . . . . . . . . . . . . . . . . . Trap Hack Attempts . | . . . . . . . . . . . . . . . . . Triggered . | . . . . . . . . . . . . . . . . . Disarmed . | . . . . . . . . . . . . . . . . . Reprogrammed . | . . . . . . . . . . . . . . . . . Reused . | . . . . . . . . . . . . . . . . . Traps Extracted . | . . . . . . . . . . . . . . . . . Installed . | . . . . . . . . . . . . . . . . . Triggered . | . . . . . . . . . . . . . . . . . Machines | -11 -10 -10 -10 -9 -8 -8 -8 -7 -7 -7 -7 -6 -6 -5 -5 -5 ---------- Run | Yrd Mat Min Exi Min Mat Gar Mat Fac Was Fac Gar Fac Gar Fac Was Fac Machines Disabled 34 | . 1 . . . 1 4 . 2 . . 4 9 4 9 . . Max in Single Turn 5 | . 1 . . . 1 2 . 2 . . 2 1 1 5 . . Garrison Access 2 | . . . . . . . 1 . . . . . . . . 1 Garrison Relay 7 | . . . . . . 2 . . . . 2 . 3 . . . Phase Generator 2 | . . . . . . 1 . . . . 1 . . . . . Machines Repaired . | . . . . . . . . . . . . . . . . . Machines Dismantled . | . . . . . . . . . . . . . . . . . Machines Sabotaged . | . . . . . . . . . . . . . . . . . Overloaded Fab Kills . | . . . . . . . . . . . . . . . . . Hacking | -11 -10 -10 -10 -9 -8 -8 -8 -7 -7 -7 -7 -6 -6 -5 -5 -5 --------- Run | Yrd Mat Min Exi Min Mat Gar Mat Fac Was Fac Gar Fac Gar Fac Was Fac Machines Accessed 59 | . 5 . 2 . 8 2 2 2 . 11 3 14 1 4 . 5 Terminals 26 | . 3 . . . 4 2 1 . . 6 3 2 1 1 . 3 Fabricators 8 | . . . . . . . . 1 . 2 . 4 . . . 1 Repair Stations 6 | . 1 . . . 1 . . . . 1 . 2 . 1 . . Recycling Units 7 | . 1 . . . . . . . . 1 . 3 . 2 . . Scanalyzers 5 | . . . . . 2 . 1 1 . . . 1 . . . . Garrison Access 5 | . . . . . 1 . . . . 1 . 2 . . . 1 Total Hacks 179 | . 22 . 2 . 31 5 8 5 . 30 5 43 3 11 . 14 Successful 79 | . 10 . 2 . 14 1 3 1 . 14 2 21 . 4 . 7 Failed 97 | . 11 . . . 16 4 4 4 . 16 3 22 3 7 . 7 Catastrophic 18 | . . . . . 1 . 2 . . 6 1 2 1 2 . 3 Database Lockouts 3 | . 1 . . . 1 . 1 . . . . . . . . . Manual 56 | . 12 . 1 . 11 . 3 . . 14 1 7 . 4 . 3 Terminals 77 | . 11 . . . 17 5 3 . . 15 5 5 3 4 . 9 Fabricators 29 | . . . . . . . . 2 . 7 . 17 . . . 3 Repair Stations 18 | . 7 . . . 2 . . . . 2 . 5 . 2 . . Recycling Units 21 | . 4 . . . . . . . . 4 . 8 . 5 . . Scanalyzers 21 | . . . . . 9 . 5 3 . . . 4 . . . . Garrison Access 11 | . . . . . 3 . . . . 2 . 4 . . . 2 Terminal Hacks 15 | . 2 . 2 . 3 1 . . . 2 2 1 . 1 . 1 Record 1 | . . . 1 . . . . . . . . . . . . . Part Schematic 1 | . . . . . . . . . . . . 1 . . . . Robot Analysis 2 | . 1 . . . . . . . . 1 . . . . . . Prototype ID Bank 2 | . 1 . . . 1 . . . . . . . . . . . Emergency Access Points 1 | . . . . . 1 . . . . . . . . . . . Unreport Threat 2 | . . . . . 1 . . . . . . . . . . 1 Locate Traps 2 | . . . . . . . . . . 1 . . . 1 . . Garrison Registry 2 | . . . . . . 1 . . . . 1 . . . . . Patrol Navigation 1 | . . . . . . . . . . . 1 . . . . . Proto ID Catalog 1 | . . . 1 . . . . . . . . . . . . . Fabricator Hacks 11 | . . . . . . . . . . 1 . 7 . . . 3 Network Status 3 | . . . . . . . . . . 1 . 1 . . . 1 Load Schematic 4 | . . . . . . . . . . . . 3 . . . 1 Build 4 | . . . . . . . . . . . . 3 . . . 1 Repair Station Hacks 11 | . 5 . . . 2 . . . . 2 . 1 . 1 . . Scan Component 7 | . 3 . . . 1 . . . . 1 . 1 . 1 . . Repair 4 | . 2 . . . 1 . . . . 1 . . . . . . Recycling Unit Hacks 6 | . . . . . . . . . . 2 . 3 . 1 . . Report Inventory 4 | . . . . . . . . . . 1 . 2 . 1 . . Retrieve Components 2 | . . . . . . . . . . 1 . 1 . . . . Scanalyzer 14 | . . . . . 6 . 3 1 . . . 4 . . . . Insert Component 2 | . . . . . . . 1 . . . . 1 . . . . Analyze 2 | . . . . . . . 1 . . . . 1 . . . . Retrieve Study 10 | . . . . . 6 . 1 1 . . . 2 . . . . Garrison Access Hacks 9 | . . . . . 2 . . . . 2 . 3 . . . 2 Unlock Access 3 | . . . . . 1 . . . . 1 . 1 . . . . Seal Access 1 | . . . . . . . . . . . . . . . . 1 Coupler Status 5 | . . . . . 1 . . . . 1 . 2 . . . 1 Unauthorized Hacks 13 | . 3 . . . 1 . . . . 5 . 2 . 1 . 1 Terminals 7 | . 1 . . . 1 . . . . 3 . . . 1 . 1 Botnet 7 | . 1 . . . 1 . . . . 3 . . . 1 . 1 Fabricators 2 | . . . . . . . . . . 2 . . . . . . Fabnet 2 | . . . . . . . . . . 2 . . . . . . Repair Stations . | . . . . . . . . . . . . . . . . . Recycling Units 4 | . 2 . . . . . . . . . . 2 . . . . Monitor 1 | . 1 . . . . . . . . . . . . . . . Reject 1 | . . . . . . . . . . . . 1 . . . . Recyclers 2 | . 1 . . . . . . . . . . 1 . . . . Scanalyzers . | . . . . . . . . . . . . . . . . . Garrison Access . | . . . . . . . . . . . . . . . . . Data Cores Recovered 1 | . . . . . . . . . . . . . . . . 1 Used 1 | . . . . . . . . . . . . . . . . 1 Hacking Detections 55 | . 5 . . . 7 2 2 2 . 10 3 14 1 4 . 5 Full Trace Events 15 | . 1 . . . 1 1 . 1 . 2 1 4 1 . . 3 Feedback Events 1 | . . . . . . . . . . . . . 1 . . . Corruption 1 | . . . . . . . . . . . . . 1 . . . Feedback Blocked . | . . . . . . . . . . . . . . . . . Robot Schematics Acquired . | . . . . . . . . . . . . . . . . . Robots Built . | . . . . . . . . . . . . . . . . . Authchips . | . . . . . . . . . . . . . . . . . Time . | . . . . . . . . . . . . . . . . . Total Robot Build Rating . | . . . . . . . . . . . . . . . . . Part Schematics Acquired 3 | . . . . . . . 1 . . . . 2 . . . . Parts Built 3 | . . . . . . . . . . . . 3 . . . . Authchips . | . . . . . . . . . . . . . . . . . Time 424 | . . . . . . . . . . . . 318 . . . 106 Total Part Build Rating 18 | . . . . . . . . . . . . 18 . . . . Part Studies Acquired 10 | . . . . . 6 . 1 1 . . . 2 . . . . Parts Repaired 4 | . 2 . . . 1 . . . . 1 . . . . . . Time 140 | . 52 . . . 32 . . . . 56 . . . . . . Parts Recycled . | . . . . . . . . . . . . . . . . . Recycled Matter . | . . . . . . . . . . . . . . . . . Retrieved Matter . | . . . . . . . . . . . . . . . . . Retrieved Components 6 | . . . . . . . . . . 4 . 2 . . . . Parts Scanalyzed 2 | . . . . . . . 1 . . . . 1 . . . . Part Schematics Acquired 2 | . . . . . . . 1 . . . . 1 . . . . Parts Damaged . | . . . . . . . . . . . . . . . . . Bothacking | -11 -10 -10 -10 -9 -8 -8 -8 -7 -7 -7 -7 -6 -6 -5 -5 -5 ------------ Run | Yrd Mat Min Exi Min Mat Gar Mat Fac Was Fac Gar Fac Gar Fac Was Fac Used RIF Installer 4 | . . . . . . 2 . . . . 1 . 1 . . . Hotswap 1 | . . . . . . . . . . . 1 . . . . . Command Fork 1 | . . . . . . 1 . . . . . . . . . . Autoassimilate 1 | . . . . . . . . . . . . . 1 . . . Robots Hacked 43 | . . . 4 . . 1 6 . . . 2 21 2 6 . 1 Non-combat 19 | . . . 3 . . . 5 . . . . 11 . . . . Combat 24 | . . . 1 . . 1 1 . . . 2 10 2 6 . 1 Autoassimilated 1 | . . . . . . . . . . . . . . 1 . . Robot Hacks Applied 39 | . . . 4 . . 1 7 . . . 2 18 3 3 . 1 parse_system 6 | . . . 4 . . . 1 . . . . . 1 . . . start_evac 1 | . . . . . . . 1 . . . . . . . . . find_chute 2 | . . . . . . . . . . . . 2 . . . . map_walls 2 | . . . . . . . . . . . . 2 . . . . map_earth 2 | . . . . . . . 1 . . . . 1 . . . . find_recycling 2 | . . . . . . . . . . . . 2 . . . . ignore_parts 4 | . . . . . . . . . . . . 4 . . . . find_station 2 | . . . . . . . . . . . . 2 . . . . purge_threat 1 | . . . . . . . 1 . . . . . . . . . mark_security 2 | . . . . . . . 1 . . . . 1 . . . . overload_power 2 | . . . . . . . . . . . . . . 1 . 1 overwrite_iff 1 | . . . . . . . . . . . . . 1 . . . streamctrl_high 2 | . . . . . . 1 . . . . . 1 . . . . formatsys_low 2 | . . . . . . . 1 . . . . 1 . . . . formatsys_high 8 | . . . . . . . 1 . . . 2 2 1 2 . . Relay Couplers Released 35 | . . . . . . 10 2 . . . 7 4 12 . . . Machine Destruction 31 | . . . . . . 10 2 . . . 7 . 12 . . . Programmers 4 | . . . . . . . . . . . . 4 . . . . Attached 11 | . . . . . . 2 3 . . . 1 3 1 . . 1 Fabnet Peak Effective % 6 | . . . . . . . . . . . . 6 6 2 2 2 Autooverrided 9 | . . . . . . . . . . . . 7 . 2 . . Robots Rewired 2 | . . . . . . . . . . . . . 2 . . . Allies Hacked 3 | . . . . . . . . . . . . 2 . . . 1 Hacks Repelled . | . . . . . . . . . . . . . . . . . Allies | -11 -10 -10 -10 -9 -8 -8 -8 -7 -7 -7 -7 -6 -6 -5 -5 -5 -------- Run | Yrd Mat Min Exi Min Mat Gar Mat Fac Was Fac Gar Fac Gar Fac Was Fac Total Allies 53 | . . 5 . . . 1 2 . . . 3 12 5 5 20 . Largest Group 20 | . . 5 5 3 3 1 2 . . . 3 3 4 5 20 20 Highest-Rated Group 756 | . . 96 96 40 40 5 29 . . . 48 92 167 196 756 756 Highest-Rated Ally 90 | . . 31 31 16 16 5 15 . . . 16 90 80 80 50 50 Total Orders 6 | . . . . . . . 1 . . . . 1 4 . . . ROAM 2 | . . . . . . . . . . . . . 2 . . . FOLLOW 2 | . . . . . . . . . . . . . 2 . . . AID 2 | . . . . . . . 1 . . . . 1 . . . . Ally Attacks 374 | . . . . 9 5 12 10 . . . 22 46 50 51 . 169 Total Damage 9027 | . . . . 126 42 58 187 . . . 233 837 1257 1039 . 5248 Kills 66 | . . . . 2 . 2 2 . . . 1 7 9 11 . 32 Allies Corrupted 1 | . . . . . . . . . . . . . . . . 1 Allies Melted 1 | . . . . . . . . . . . . 1 . . . . Intel | -11 -10 -10 -10 -9 -8 -8 -8 -7 -7 -7 -7 -6 -6 -5 -5 -5 ------- Run | Yrd Mat Min Exi Min Mat Gar Mat Fac Was Fac Gar Fac Gar Fac Was Fac Active Infowar (turns) 4762 | 10 312 121 560 4 465 1105 319 437 76 1007 47 189 . . . 110 Traps 110 | . . . . . . . . . . . . . . . . 110 Seismic 1007 | 10 312 121 560 4 . . . . . . . . . . . . T.N.C. 1570 | . . . . . 465 1105 . . . . . . . . . . Machine Analysis 832 | . . . . . . . 319 437 76 . . . . . . . Jamming 1243 | . . . . . . . . . . 1007 47 189 . . . . Robot Analysis Total 2 | . 1 . . . . . . . . 1 . . . . . . Derelict Logs Recovered 3 | . . 2 . 1 . . . . . . . . . . . . Drone Launches . | . . . . . . . . . . . . . . . . . Drone Recoveries . | . . . . . . . . . . . . . . . . . Exploration | -11 -10 -10 -10 -9 -8 -8 -8 -7 -7 -7 -7 -6 -6 -5 -5 -5 ------------- Run | Yrd Mat Min Exi Min Mat Gar Mat Fac Was Fac Gar Fac Gar Fac Was Fac Turns Passed 17620 | 106 958 252 560 197 1484 1824 613 437 298 1191 1132 3467 1545 1469 1003 1084 Spaces Moved 8822 | 41 523 168 487 125 619 963 276 239 150 575 433 1660 737 627 590 609 Core . | . . . . . . . . . . . . . . . . . Treads 4507 | 41 66 . . . . . . . 117 575 433 905 737 497 527 609 Legs 2669 | . . . . . 367 963 276 239 33 . . 598 . 130 63 . Wheels 1646 | . 457 168 487 125 252 . . . . . . 157 . . . . Hover . | . . . . . . . . . . . . . . . . . Flight . | . . . . . . . . . . . . . . . . . Fastest Speed 82 | 160 90 110 105 105 90 125 121 118 118 160 160 82 160 105 105 155 Average Speed 142 | 160 118 110 108 105 131 125 133 165 167 160 160 140 160 162 152 155 Slowest Speed 400 | 160 160 110 110 105 400 125 196 196 240 160 160 400 160 245 160 155 Overloaded Moves . | . . . . . . . . . . . . . . . . . Propulsion Burnouts . | . . . . . . . . . . . . . . . . . Robots Hopped . | . . . . . . . . . . . . . . . . . Potential Cave-ins 8 | . . . . . . . . . . . . 6 . 2 . . Cave-ins Triggered 1 | . . . . . 1 . . . . . . . . . . . Exploration Rate (%) 44 | 5 58 36 71 24 55 75 21 7 83 20 52 38 74 18 96 16 Regions Visited 16 Branch Regions 3 Pre-discovered Areas 3 | . . 1 1 1 . . . . . . . . . . . . Known Exits Taken 3 | . . . . . 1 . . . . 1 . 1 . . . . Unknown Exits Taken 6 | 1 1 1 1 1 . . 1 . . . . . . . . . Scrap Searched . | . . . . . . . . . . . . . . . . . Spaces Dug 117 | . 10 . . . 22 . 27 . 15 6 . 27 7 3 . . Terrain Destroyed 704 | . 10 . . . 26 80 27 15 76 7 74 170 72 145 . 2 Melee 7 | . . . . . 4 . 3 . . . . . . . . . Projectile 129 | . 10 . . . 9 . . . 2 7 . 66 15 18 . 2 AOE 568 | . . . . . 13 80 24 15 74 . 74 104 57 127 . . Terrain Rammed . | . . . . . . . . . . . . . . . . . Walls Destroyed . | . . . . . . . . . . . . . . . . . Machines Disabled . | . . . . . . . . . . . . . . . . . Actions | -11 -10 -10 -10 -9 -8 -8 -8 -7 -7 -7 -7 -6 -6 -5 -5 -5 --------- Run | Yrd Mat Min Exi Min Mat Gar Mat Fac Was Fac Gar Fac Gar Fac Was Fac Total 12537 | 70 730 209 513 189 1159 1469 450 268 180 781 845 2448 989 866 670 701 Wait 2077 | 3 85 21 11 55 384 380 104 8 . 128 359 391 87 33 7 21 Move 8811 | 40 522 167 486 124 619 962 275 239 149 575 432 1660 736 627 589 609 Hop . | . . . . . . . . . . . . . . . . . Pick Up 191 | 9 24 2 2 3 24 8 5 5 3 11 13 34 10 22 8 8 Fast Attach 110 | . 5 . . . 9 2 1 3 3 3 1 35 6 22 17 3 Attach 80 | 3 4 1 . 1 9 3 4 1 1 7 2 15 6 20 1 2 Detach 13 | . . . . . 1 . . . 1 . . 6 1 4 . . Swap 142 | 1 8 2 6 1 13 9 17 2 1 5 8 43 6 4 3 13 Drop 220 | 6 13 2 4 3 24 13 1 2 14 12 9 51 14 13 25 14 Fire 812 | 8 69 14 . 2 69 86 31 8 8 38 15 185 110 121 17 31 Melee 59 | . . . 4 . 7 1 10 . . . 6 23 8 . . . Ram . | . . . . . . . . . . . . . . . . . Kick 1 | . . . . . . . . . . . . 1 . . . . Crush 2 | . . . . . . . . . . 2 . . . . . . Escape Stasis 5 | . . . . . . 5 . . . . . . . . . . Rewire 14 | . . . . . . . 2 . . . . 4 5 . 3 . Trap . | . . . . . . . . . . . . . . . . . Miscellaneous . | . . . . . . . . . . . . . . . . . Route ------- -11/Scrapyard -10/Materials (discovered 2 exits: *Mat / [*Min]) -10/Mines (discovered 3 exits: *Mat x2 / *Exi) -10/Exiles -9/Mines -8/Materials (discovered 2 exits: *Fac / Gar) -8/Garrison (discovered 3 exits: *Mat x3) -8/Materials -7/Factory -7/Waste -7/Factory (discovered 2 exits: *Fac / Gar) -7/Garrison (discovered 3 exits: *Fac x3) -6/Factory -6/Garrison (discovered 2 exits: *Fac x2) -5/Factory -5/Waste -5/Factory History --------- Turn | Location | Event 5 | -11/Scrapyard | Discovered new exit (range 3) 107 | -11/Scrapyard | Entered Materials 338 | -10/Materials | Build established: Mutant 563 | -10/Materials | Core integrity fell below 50% 713 | -10/Materials | Discovered new exit (range 13) 819 | -10/Materials | Repaired Wheel 847 | -10/Materials | Repaired Lgt. Assault Rifle? 974 | -10/Materials | Discovered new exit (range 14) 1041 | -10/Materials | Central database locked down 1065 | -10/Materials | Entered Mines 1140 | -10/Mines | Discovered new exit (range 9) 1183 | -10/Mines | Assisted by bots powering up and referring to "LRC-V3" 1210 | -10/Mines | Learned location of Storage (-7) 1251 | -10/Mines | Identified exit to Materials 1302 | -10/Mines | Deemed a non-threat by the Exiles lab entrance 1302 | -10/Mines | Discovered new exit (range 5) 1317 | -10/Mines | Entered Exiles 1317 | -10/Exiles | Accompanied by 5 allies 1344 | -10/Exiles | Met 8R-AWN 1347 | -10/Exiles | Led the pair of lost Derelicts to a safe place 1385 | -10/Exiles | Met EX-HEX 1443 | -10/Exiles | Met EX-DEC 1504 | -10/Exiles | Build established: Scavenger-Mutant 1623 | -10/Exiles | Learned location of Zion (-6) 1704 | -10/Exiles | Met EX-BIN 1722 | -10/Exiles | Aligned with FarCom system 1724 | -10/Exiles | Given EX-Vault access code 1749 | -10/Exiles | Opened EX-Vault 1759 | -10/Exiles | Found YOLO Cannon 1787 | -10/Exiles | Warned to stay clear of 0b10 Research branches 1800 | -10/Exiles | Exiles lab attacked by MAIN.C 1853 | -10/Exiles | Discovered new exit (range 10) 1877 | -10/Exiles | Left Exiles lab with YOLO Cannon 1877 | -10/Exiles | Entered Mines 1877 | -9/Mines | Accompanied by 3 allies 1883 | -9/Mines | Assembled infested the area 2055 | -9/Mines | Received a Rocket Launcher from a helpful Derelict 2056 | -9/Mines | Discovered new exit (range 8) 2074 | -9/Mines | Entered Materials 2074 | -8/Materials | Accompanied by 3 allies 2074 | -8/Materials | Evolved 4 slots: Propulsion x2, Utility x2 2174 | -8/Materials | Build established: Mutant 2227 | -8/Materials | Lost 3 allies 2408 | -8/Materials | Lost 4 parts (4n) 2764 | -8/Materials | Central database locked down 2820 | -8/Materials | Lost 3 parts (2n1u) 3061 | -8/Materials | Crushed by falling debris 3126 | -8/Materials | Build established: Scavenger-Mutant 3380 | -8/Materials | Discovered new exit (range 15) 3434 | -8/Materials | Repaired Imp. Aluminum Leg 3558 | -8/Materials | Identified exit to Garrison 3558 | -8/Materials | Entered Garrison 3672 | -8/Garrison | Triggered checkpoint 3830 | -8/Garrison | Triggered checkpoint 3951 | -8/Garrison | Discovered new exit (range 13) 3960 | -8/Garrison | Discovered new exit (range 13) 3960 | -8/Garrison | Discovered new exit (range 88) 3960 | -8/Garrison | Discovered new exit (range 56) 4020 | -8/Garrison | Garrison Relay disabled 4076 | -8/Garrison | Triggered checkpoint 4110 | -8/Garrison | Triggered checkpoint 4278 | -8/Garrison | Installed Relay Interface Framework 4412 | -8/Garrison | Expanded RIF knowledge: Command Fork 4684 | -8/Garrison | Triggered checkpoint 5088 | -8/Garrison | Garrison Relay disabled 5147 | -8/Garrison | Phase Generator disabled 5382 | -8/Garrison | Entered Materials 5556 | -8/Materials | Central database locked down 5562 | -8/Materials | Garrison activated, responded to threat 5936 | -8/Materials | Core integrity fell below 50% 5963 | -8/Materials | Discovered new exit (range 8) 5995 | -8/Materials | Entered Factory 5995 | -7/Factory | Evolved 2 slots: Propulsion x1, Utility x1 6149 | -7/Factory | Discovered new exit (range 4) 6244 | -7/Factory | Build established: Mutant 6432 | -7/Factory | Sucked down chute 6432 | -7/Factory | Entered Waste 6447 | -7/Waste | EMP discharged 6447 | -7/Waste | System corruption reached 10% 6484 | -7/Waste | Spotted C-40 Crusher 6496 | -7/Waste | Destroyed C-40 Crusher 6501 | -7/Waste | Spotted C-40 Crusher 6502 | -7/Waste | Destroyed C-40 Crusher 6508 | -7/Waste | Found Damper Plating 6508 | -7/Waste | Spotted C-40 Crusher 6510 | -7/Waste | Destroyed C-40 Crusher 6514 | -7/Waste | Spotted C-40 Crusher 6516 | -7/Waste | Spotted C-40 Crusher 6518 | -7/Waste | Destroyed C-40 Crusher 6525 | -7/Waste | Destroyed C-40 Crusher 6544 | -7/Waste | Spotted C-40 Crusher 6547 | -7/Waste | EMP discharged 6548 | -7/Waste | Destroyed C-40 Crusher 6564 | -7/Waste | Found Damper Plating 6595 | -7/Waste | Build established: Scavenger-Mutant 6647 | -7/Waste | EMP discharged 6669 | -7/Waste | Discovered new exit (range 11) 6730 | -7/Waste | Entered Factory 7012 | -7/Factory | Discovered new exit (range 4) 7696 | -7/Factory | Build established: Mutant 7902 | -7/Factory | Repaired Hvy. Treads 7921 | -7/Factory | Identified exit to Garrison 7921 | -7/Factory | Entered Garrison 8018 | -7/Garrison | Garrison Relay disabled 8031 | -7/Garrison | Discovered new exit (range 80) 8031 | -7/Garrison | Discovered new exit (range 57) 8031 | -7/Garrison | Discovered new exit (range 33) 8219 | -7/Garrison | Phase Generator disabled 8425 | -7/Garrison | Build established: Scavenger-Mutant 8687 | -7/Garrison | Triggered checkpoint 8783 | -7/Garrison | Garrison Relay disabled 8835 | -7/Garrison | Expanded RIF knowledge: Hotswap 8901 | -7/Garrison | Triggered checkpoint 9053 | -7/Garrison | Entered Factory 9053 | -6/Factory | Accompanied by 3 allies 9053 | -6/Factory | Evolved 2 slots: Propulsion x1, Weapon x1 9214 | -6/Factory | Build established: Bothacker-Mutant 9429 | -6/Factory | Lost 3 allies 9617 | -6/Factory | Build established: Bothacker-Gunner 10152 | -6/Factory | Found Launcher Loader 10412 | -6/Factory | Cargo convoy interrupted 10455 | -6/Factory | Destroyed 9 combat bots 10463 | -6/Factory | Lost 6 parts (1p3n2w) 10581 | -6/Factory | Lost 3 parts (1n2w) 10836 | -6/Factory | Found Prototype Processor 10863 | -6/Factory | Found Prototype Processor 10874 | -6/Factory | Found Prototype Processor 10957 | -6/Factory | Identified Exp. Melee Analysis Suite (x3) 10974 | -6/Factory | Build established: Scavenger-Gunner 11041 | -6/Factory | Found Prototype Protection 11068 | -6/Factory | Identified Active Cooling Armor 11312 | -6/Factory | Build established: Scavenger-Mutant 11853 | -6/Factory | First assault squad dispatched 11902 | -6/Factory | Fabricated Hvy. Treads? 12011 | -6/Factory | Fabricated Hvy. Treads (x1) 12027 | -6/Factory | P-60 Hacker assimilated allied Machinist 5a 12160 | -6/Factory | Fabricated Hvy. Treads? 12203 | -6/Factory | Core integrity fell below 50% 12263 | -6/Factory | Lost 3 parts (1n1u1w) 12520 | -6/Factory | Identified exit to Garrison 12520 | -6/Factory | Entered Garrison 12520 | -6/Garrison | Accompanied by 2 allies 12586 | -6/Garrison | Garrison Relay disabled 12701 | -6/Garrison | Build established: Tank 12820 | -6/Garrison | Spotted B-75 Beast 12844 | -6/Garrison | Rewired B-75 Beast 12848 | -6/Garrison | Triggered checkpoint 12858 | -6/Garrison | Triggered checkpoint 13035 | -6/Garrison | Expanded RIF knowledge: Autoassimilate 13058 | -6/Garrison | Discovered new exit (range 14) 13135 | -6/Garrison | Build established: Mutant 13138 | -6/Garrison | Triggered checkpoint 13493 | -6/Garrison | Discovered new exit (range 12) 13512 | -6/Garrison | Destroyed 7 combat bots 13543 | -6/Garrison | Build established: Scavenger-Tank 13867 | -6/Garrison | Build established: Scavenger-Mutant 13900 | -6/Garrison | Triggered checkpoint 13928 | -6/Garrison | Garrison Relay disabled 13982 | -6/Garrison | Garrison Relay disabled 14065 | -6/Garrison | Entered Factory 14065 | -5/Factory | Accompanied by 3 allies 14065 | -5/Factory | Evolved 2 slots: Power x1, Utility x1 14365 | -5/Factory | First assault squad dispatched 14514 | -5/Factory | Build established: Scavenger-Tank 14951 | -5/Factory | Cargo convoy interrupted 15015 | -5/Factory | System corruption reached 10% 15051 | -5/Factory | Core integrity fell below 50% 15062 | -5/Factory | Destroyed 16 combat bots 15100 | -5/Factory | Lost 12 parts (2p3n5u2w) 15166 | -5/Factory | YOLO Cannon suddenly exploded 15167 | -5/Factory | Core integrity fell below 20% 15216 | -5/Factory | Destroyed 8 combat bots 15226 | -5/Factory | Lost 7 parts (1p2n1u3w) 15534 | -5/Factory | Sucked down chute 15534 | -5/Factory | Entered Waste 15535 | -5/Waste | Joined by Warlord forces that had cleared the area 15789 | -5/Waste | Build established: Scavenger-Gunner 16072 | -5/Waste | Discovered new exit (range 13) 16537 | -5/Waste | Entered Factory 16537 | -5/Factory | Accompanied by 20 allies 16808 | -5/Factory | Lost 9 allies 17141 | -5/Factory | Lost 3 allies 17194 | -5/Factory | Garrison activated, responded to threat 17269 | -5/Factory | Lost 3 allies 17335 | -5/Factory | P-70 Sage assimilated allied NB-XRN(g) 17437 | -5/Factory | First assault squad dispatched 17621 | -5/Factory | Destroyed by P-70 Sage with High-powered Shock Rifle Last Messages --------------- 17571_ ALERT: Potential suspicious activity detected, Programmers report to Factory Zone 6J. 17573_ Acquired 5 matter. 17582_ System corrupted: Heat flow error (+235). 17606_ System corrupted: Matter fused (-7). 17610_ Slug penetrates Wall. 17610_ O7-TI5(m) suffers critical hit (Destroy). 17610_ Adv. Field Recycling Unit fried. 17610_ Wheel fried. 17610_ O7-TI5(m) destroyed. 17613_ P-70 Sage hacks 9T-9QB(m), rebooting. 17613_ Penetrated by Slug. 17613_ H-66 Slayer suffers critical hit (Destroy). 17613_ Destroyed Flexi-carbon Leg. 17616_ Penetrated by Slug. 17616_ H-66 Slayer suffers critical hit (Destroy). 17616_ Targeting Computer melted. 17616_ H-66 Slayer destroyed. 17619_ 9T-9QB(m) reactivates. 17620_ Identified Adv. Heat Sink. Map ----- +----------------------------------------------------+ | ?????????????????????????????????????????????????? | | ?????????????????????????????????????????????????? | | ?????????????????????????????????????????????????? | | ?????????????????????????????????????????????????? | | ?????????????????????????????????????????????????? | | ?????????????????????????????????????????????????? | | ?????????????????????????????????????????????????? | | ????????????????????###########+######???????????? | | ????????????????????# ???????????? | | ???????????????????## ??????????? | | ######?????????????+ ???????????? | | #??????????????# ???????????????? | | """ #??????????????# =[ ???????????????????? | | """ #??????????????# [%#??????????????????????? | | """ #??????????????# [*#??????????????????????? | | #??????????????# pp #??????????????????????? | | """ #??????????????# #??????????????????????? | | """ #??????????????# #??????????????????????? | | """ #??????????????# #??????????????????????? | | #??????????????# #??????????????????????? | | """ #??????????????# % #??????????????????????? | | """ #??????????????# =m#??????????????????????? | | """ #??????????????# #??????????????????????? | | #??????????????# *%=#??????????????????????? | | | ???????????????# ! #??????????????????????? | | #####???????????????# @#??????????????????????? | | #######?????????????# ###############????????? | | # #?????????????# # #????????? | | # ############### # #????????? | | ! # #????????? | | =%! [[[ + #????????? | | [* ! % = # #????????? | | [[[[ # #????????? | | ! ###############????????? | | ##########+############+########?????????????????? | | ??# # #??????????????? | | ??# # """ """ """ #??????????????? | | ??# # """ """ """??????????????????? | | ??# """" """" # """ """ """??????????????????? | | ??# """" """" # ??????????????????? | | ??# """" """" # """ """ """??????????????????? | | ??# """" """" # """ """ "????????????????????? | | ??# ???"" ""??? #??"" ""???????????????????????? | | ??#??????" "??????#??? ????????????????????????? | | ?????????? ??????????? ????????????????????????? | | ??????????#????????????#?????????????????????????? | | | | | | | | | +----------------------------------------------------+ Best States ------------- Heat Dissipation 100 Coolant Potential 65 Energy Generation 41 Energy Capacity 550 Matter Stores 300 Matter Capacity 300 Sight Range 16 Terrain Scan Density 10 Jamming Range 14 Armor Coverage 1600 Resistance: EM 90 Core Shielding 30 Power Shielding 66 Propulsion Shielding 33 Weapon Cycling 20 Phase Shifting 15 Evasion (%) 55 Targeting Accuracy 8 Target Analysis 6 Core Analysis 6 Recoil Reduction 6 Energy Filtering 50 Particle Charging 20 Defensive Hacking 10 Relay Coupler Types 2 Relay Coupler Value 44 Authchip Count 1 Item Schematics ----------------- Aluminum Leg | -8/Materials | Scanalyzed Hvy. Treads | -6/Factory | Hacked Hcp. Storage Unit | -6/Factory | Scanalyzed Robot Schematics ------------------ None Fabricated ------------ Hvy. Treads | x1 | -6/Factory Hvy. Treads | x1 | -6/Factory Hvy. Treads | x1 | -6/Factory Repaired ---------- Wheel | 5% | -10/Materials Lgt. Assault Rifle | 40% | -10/Materials Imp. Aluminum Leg | 44% | -8/Materials Hvy. Treads | 80% | -7/Factory Studied --------- Imp. Datajack | -8/Materials | Hacked Wheel | -8/Materials | Hacked Com. Wheel | -8/Materials | Hacked Katana | -8/Materials | Hacked Rocket Launcher | -8/Materials | Hacked Particle Gun | -8/Materials | Hacked Imp. Aluminum Leg | -8/Materials | Hacked Titanium Leg | -7/Factory | Hacked Flexi-carbon Leg | -6/Factory | Hacked Remote Datajack | -6/Factory | Hacked Alien Tech Used ----------------- None Achievements -------------- Analysis Probe Error 47 Hack The Planet YOLO Challenges ------------ None Game ------ Seed HardlightCooledDetector Manual? 0 Play Time 07:00:20 Cumulative 303.8 hours Start 2026.01.12 @ 21:41:43 End 2026.01.17 @ 00:11:08 Sessions 13 Manual Loads 0 Difficulty Rogue Special Mode None Game No. 94 Rogue 94 Adventurer 0 Explorer 0 Win Type - Total 2 Types 2/0/0/0/0/0/0/0/0/0 Lore% 60 Gallery% 64 Achievement% 47 Wizard Run 0 Options --------- Layout 0 ASCII 0 Keyboard 0 Movement Numpad Keybinds 1 Fullscreen 2 Font 18/X11 Map View 76x50 Zoom Use 0% Tactical HUD 1 Map Filters NONE Filters NONE Steam 1 RUN: 60ed825e-ac80-4db1-8a5c-703e3565b7df